 Dungeon Crawl Stone Soup version 0.30.0-5-g1a98f26d00 (webtiles) character file.

Game seed: 17970429430305943582

259 Jase the Chopper (level 6, -1/51 HPs)
             Began as a Hill Orc Fighter on May 9, 2023.
             Was a Believer of Fedhas.
             Slain by a quokka (3 damage)
             ... on level 3 of the Dungeon.
             The game lasted 00:05:52 (2828 turns).

Jase the Chopper (Hill Orc Fighter)                 Turns: 2828, Time: 00:05:53

Health: -1/51      AC: 13    Str: 21    XL:     6   Next: 17%
Magic:  6/6        EV: 11    Int:  8    God:    Fedhas [**....]
Gold:   178        SH:  0    Dex: 10    Spells: 5/5 levels left

rFire   . . .        (no weapon)
rCold   . . .        f - orb {light}
rNeg    . . .        m - +0 plate armour
rPois   .            (no helmet)
rElec   .            (no cloak)
rCorr   .            e - +0 pair of gloves
SInv    .            (no boots)
Will    .....        (no amulet) Stlth
                     t - +5 ring of evasion
HPRegen 0.28/turn    (no ring)
MPRegen 0.10/turn

%: no passive effects
@: glowing
A: no striking features
a: Renounce Religion, Wall of Briars


You were on level 3 of the Dungeon.
You worshipped Fedhas.
Fedhas was pleased with you.
You visited 1 branch of the dungeon, and saw 3 of its levels.
You also visited: Sewer.

You collected 178 gold pieces.

Inventory:

Hand Weapons
 a - a +0 battleaxe
Missiles
 o - 2 throwing nets (quivered)
Armour
 e - a +0 pair of gloves (worn)
 f - an orb of light (worn)
 m - a +0 plate armour (worn)
Jewellery
 r - a ring of fire
 t - a +5 ring of evasion (left hand)
Wands
 h - a wand of light (7)
Scrolls
 b - a scroll of torment {unknown}
 c - 2 scrolls of identify {unknown}
 g - 4 scrolls of magic mapping {unknown}
 i - 2 scrolls of teleportation {unknown}
 j - 2 scrolls of amnesia {unknown}
 k - a scroll of blinking {unknown}
 l - 2 scrolls of enchant weapon {unknown}
 n - 2 scrolls of enchant armour {unknown}
Potions
 d - a potion of might
 p - 2 potions of flight {unknown}
 q - 3 potions of curing {unknown}
 s - 2 potions of mutation {unknown}
 u - a potion of invisibility


   Skills:
 - Level 3.6 Fighting
 * Level 7.5 Axes
 + Level 4.3 Armour
 - Level 3.2 Shields


You had 5 spell levels left.
You didn't know any spells.
Your spell library contained the following spells:

 Spells                   Type           Power      Damage    Failure   Level
 Freeze                   Ice            0%         1d3       100%        1
 Magic Dart               Conj           0%         1d3       100%        1
 Sandblast                Erth           0%         2d4       100%        1
 Call Imp                 Summ           0%         N/A       100%        2
 Passwall                 Tmut/Erth      0%         N/A       100%        2
 Sublimation of Blood     Necr           0%         N/A       100%        2
 Wereblood                Tmut           0%         N/A       100%        2
 Frozen Ramparts          Ice            0%         1d1       100%        3
 Hailstorm                Conj/Ice       0%         3d3       100%        3
 Mephitic Cloud           Conj/Pois/Air  0%         N/A       100%        3
 Stone Arrow              Conj/Erth      0%         3d7       100%        3
 Summon Hydra             Summ           0%         N/A       100%        7


Dungeon Overview and Level Annotations

Branches:
Dungeon (3/15)              Sewer (visited)

Altars:
Fedhas
Gozag

Annotations:
D:3 8 exclusions


Message History

The gnoll is severely wounded.
The gnoll hits you but does no damage. The quokka barely misses you.
Unknown command.
You hit the gnoll.
The gnoll is severely wounded.
The quokka misses you. The gnoll hits you with a +0 whip.
* * * LOW HITPOINT WARNING * * *
Unknown command.
You hit the gnoll but do no damage.
The gnoll is severely wounded.
The quokka bites you but does no damage.
The gnoll hits you with a +0 whip.
* * * LOW HITPOINT WARNING * * *
Unknown command.
You barely miss the gnoll.
The gnoll is severely wounded.
The quokka barely misses you. The gnoll barely misses you.
The quokka bites you.
* * * LOW HITPOINT WARNING * * *
Unknown command.
You hit the gnoll.
The gnoll is almost dead.
The gnoll closely misses you. The quokka misses you.
Unknown command.
You barely miss the gnoll.
The gnoll is almost dead.
The gnoll hits you but does no damage. The quokka barely misses you.
Unknown command.
You hit the gnoll but do no damage.
The gnoll is almost dead.
The quokka bites you.
* * * LOW HITPOINT WARNING * * *
The gnoll hits you with a +0 whip.
* * * LOW HITPOINT WARNING * * *
Unknown command.
You barely miss the gnoll.
The gnoll is almost dead.
The quokka bites you.
You die...
Fedhas appreciates your contribution to the ecosystem.

#.# .####.# #.###
.#... #.####....
##'#..#.#.......##
#..........)....#
#.........###)#.##
#...###.# #......#
+.r.'...# #.#.#.##
#@g.##### #.#...#
######.......#
#.##..##
#......###...#
#....... #.###..#
..' ####.#.#
#.#....# # #.#..
#.#.#.##
######.... #.#.#..
#.........
####.#.###
#.#######.
#....#.#.. #.# ##.


You could see a gnoll and a quokka.

Vanquished Creatures
  10 gnolls (D:3)
  8 adders
  A river rat (D:3)
  3 worms
  2 dart slugs
  4 endoplasms
  2 giant cockroaches (D:2)
  4 goblins
  8 hobgoblins
  4 jackals (D:1)
  6 kobolds
  A quokka (D:2)
  7 ball pythons
  4 bats
  13 frilled lizards
  3 rats
  A spectral hobgoblin (D:1)
81 creatures vanquished.

Notes
Turn   | Place    | Note
-------+----------+-------------------------------------------
     0 | D:1      | Jase the Hill Orc Fighter began the quest for the Orb.
     0 | D:1      | Reached XP level 1. HP: 19/19 MP: 1/1
    35 | D:1      | Reached skill level 3 in Axes
   129 | D:1      | Reached XP level 2. HP: 24/26 MP: 2/2
   198 | D:1      | Found a faded altar of an unknown god.
   235 | D:1      | Reached skill level 4 in Axes
   248 | D:1      | Prayed at the altar of an unknown god.
   248 | D:1      | Became a worshipper of Fedhas Madash
   248 | D:1      | Reached * piety under Fedhas
   540 | D:1      | Reached XP level 3. HP: 31/31 MP: 3/3
  1137 | D:2      | Reached skill level 5 in Axes
  1496 | D:2      | Reached ** piety under Fedhas
  1497 | D:2      | Reached XP level 4. HP: 36/39 MP: 4/4
  1939 | D:3      | Reached skill level 6 in Axes
  1968 | D:3      | Reached XP level 5. HP: 24/45 MP: 5/5
  1984 | D:3      | Found an opulent altar of Gozag.
  2087 | D:3      | Found a glowing drain.
  2113 | Sewer    | Entered a sewer
  2271 | Sewer    | Reached skill level 7 in Axes
  2431 | Sewer    | Reached XP level 6. HP: 51/51 MP: 6/6
  2827 | D:3      | HP: 2/51 [gnoll/+0 whip (3)]
  2828 | D:3      | Slain by a quokka

Illustrated notes

Levels and vault maps discovered:
D:1:      dpeg_arrival_central, layout_loops_corners,
          dreamdust_ecumenical_altar_drowned_temple
D:2:      layout_loops_cross, kennysheep_generic_room_3
D:3:      layout_basic, nicolae_overflow_crystal_walls,
          cheibrodos_sewer_entry_sluice, saegor_snake_ambush

Skill      XL: |  1  2  3  4  5 |
---------------+----------------+-----
Axes           | 3 4 5 6 7 |  7.5
Armour         | 4 |  4.3
Fighting       | |  3.6
Shields        | |  3.2

Action                     |  1- 3 |  4- 6 || total
---------------------------+-------+-------++-------
  Melee: War axe           |   101 |   103 ||   204
         Unarmed           |       |    65 ||    65
 Armour: Scale mail        |    49 |       ||    49
         Plate armour      |       |   106 ||   106
  Dodge: Dodged            |    44 |    92 ||   136
  Block: Buckler           |     7 |       ||     7
